Map: Abyssal Reef LE

Players

Pain - Winner!

  • Race: Terran Terran
  • Spawn Location: 11:00

A.I. 1 (Easy)

  • Race: Protoss Protoss
  • Spawn Location: 5:00

VOD

Have the link to the VOD?

Description

Time

  • Played on: Sept. 3, 2017, 11:28 p.m.
  • Length: 11:14
Show
View Real Time Build Order
Export as new Build Order

Pain Terran - Winner!

Build Orders:  

Get SALT Encoding   

  12  0:21  Supply Depot  
  12  0:24  Refinery  
  12  0:29  Supply Depot  
  13  0:35  SCV  
  13  0:56  Barracks  
  13  1:48  Supply Depot  
  13  1:52  SCV  
  14  2:03  Barracks Reactor  
  14  2:04  SCV  
  15  2:11  Supply Depot  
  15  2:16  SCV  
  16  2:27  Bunker  
  16  2:28  SCV  
  17  2:38  Engineering Bay  
  17  2:41  SCV  
  18  2:44  Supply Depot  
  18  2:48  Marine x2  
  20  3:14  Terran Infantry Armor Level 1  
  20  3:31  SCV  
  21  3:36  Marine x2  
  23  3:46  Supply Depot  
  23  3:53  Marine x2  
  25  4:04  Missile Turret  
  25  4:11  Marine x2  
  27  4:29  Marine x2  
  29  4:47  Marine x2  
  31  4:54  Barracks  
  31  5:05  Marine x2  
  31  5:06  Supply Depot  
  33  5:08  Terran Infantry Weapons Level 1  
  33  5:22  Marine  
  33  5:23  Marine  
  35  5:39  Factory  
  35  5:40  Marine x2  
  37  5:43  Barracks Tech Lab  
  37  5:48  Barracks Reactor  
  37  5:55  Sensor Tower  
  37  6:18  Missile Turret  
  37  6:33  Marine x2  
  37  6:36  Marine x2  
  41  6:47  Armory  
  41  6:51  Marine x2  
  41  6:52  SCV  
  41  6:53  Marine  
  41  6:54  Marine  
  46  7:03  Refinery  
  46  7:04  SCV  
  47  7:09  Marine x2  
  47  7:11  Marine x2  
  51  7:16  SCV  
  52  7:26  Marine  
  52  7:27  Marine  
  52  7:29  Marine x2  
  56  7:35  Terran Infantry Weapons Level 2  
  53  7:44  Marine x2  
  50  8:12  Marine x2  
  52  8:15  Marine x2  
  54  8:30  Marine x2  
  56  8:38  Marine x2  
  58  8:48  Marine x2  
  60  8:56  Marine x2  
  62  9:05  Marine x2  
  64  9:14  Marine x2  
  66  9:23  Marine x2  
  68  9:31  Marine  
  68  9:32  Marine  
  70  9:41  Marine  
  71  9:48  Supply Depot  
  71  9:57  Supply Depot  
  71  10:05  Marine x2  
  71  10:07  Marine x2  
  71  10:23  Marine x2  
  71  10:25  Marine x2  
  74  10:41  Marine  
Show
View Real Time Build Order
Export as new Build Order

A.I. 1 (Easy) Protoss 

Build Orders:  

Get SALT Encoding   

  12  0:01  Probe (Chrono Boost)  
  13  0:11  Probe (Chrono Boost)  
  14  0:20  Pylon  
  14  0:22  Probe (Chrono Boost)  
  15  0:38  Probe (Chrono Boost)  
  16  0:45  Assimilator  
  16  0:51  Gateway  
  16  0:55  Pylon  
  16  1:16  Assimilator  
  16  1:36  Zealot  
  18  1:42  Cybernetics Core  
  18  2:06  Pylon  
  18  2:10  Probe (Chrono Boost)  
  18  2:14  Warp Gate  
  19  2:20  Stalker  
  19  2:22  Probe (Chrono Boost)  
  22  2:33  Probe (Chrono Boost)  
  24  2:45  Probe (Chrono Boost)  
  24  2:55  Stalker  
  24  2:56  Probe (Chrono Boost)  
  27  3:07  Probe (Chrono Boost)  
  28  3:30  Adept  
  30  4:03  Adept  
  32  7:10  Stalker  
  32  7:11  Probe (Chrono Boost), Pylon  
  35  7:18  Nexus  
  36  7:30  Probe (Chrono Boost)  
  36  7:31  Robotics Facility  
  36  7:34  Stalker  
  36  7:35  Pylon  
  38  7:41  Probe (Chrono Boost)  
  29  7:58  Sentry  
  31  8:18  Observer  
  32  8:23  Zealot  
  34  8:32  Probe (Chrono Boost)  
  35  8:36  Probe (Chrono Boost)  
  35  8:40  Observer, Assimilator  
  37  8:43  Probe (Chrono Boost), Assimilator  
  37  8:47  Adept, Probe (Chrono Boost)  
  41  8:54  Probe (Chrono Boost)  
  42  8:58  Probe (Chrono Boost)  
  43  9:04  Probe (Chrono Boost)  
  43  9:09  Probe (Chrono Boost)  
  45  9:11  Stalker  
  45  9:15  Probe (Chrono Boost)  
  48  9:20  Probe (Chrono Boost)  
  49  9:27  Probe (Chrono Boost)  
  49  9:30  Probe (Chrono Boost)  
  51  9:36  Stalker  
  51  9:38  Probe (Chrono Boost)  
  54  9:41  Probe (Chrono Boost)  
  55  9:49  Probe (Chrono Boost)  
  55  9:51  Probe (Chrono Boost)  
  57  9:59  Probe (Chrono Boost)  
  58  10:02  Probe (Chrono Boost)  
  58  10:06  Stalker  
  59  10:10  Pylon  
  57  10:16  Probe (Chrono Boost)  
  57  10:18  Immortal  
  35  10:28  Probe (Chrono Boost)  
  35  10:35  Zealot  
  35  10:40  Probe (Chrono Boost)  
  23  10:51  Probe (Chrono Boost)  
Tags
 
Matchup
PvT
Replay Pack
RP
Spawn Locations
Cross Positions
Add a new tag
Caveats
  • Supply blocks, unpowered buildings, or Contaminate may cause inaccurate times.
  • Supply counts are checked every 10 seconds.